 Dungeon Crawl Stone Soup version 0.30-a0-946-gec5dcfc036 (webtiles) character file.

Game seed: 5432871524430033349

1729502 Ge0ff the Transcendent (level 26, 197/197 HPs)
             Began as a Merfolk Artificer on Mar 25, 2023.
             Was a High Priest of Ru.
             Escaped with the Orb
             ... and 3 runes on Mar 26, 2023!
             The game lasted 03:04:01 (65790 turns).

Ge0ff the Transcendent (Merfolk Artificer)         Turns: 65790, Time: 03:04:02

Health: 197/197    AC: 19    Str: 21    XL:     26
Magic:  43/43      EV: 25    Int: 13    God:    Ru [*****.]
Gold:   2075       SH: 21    Dex: 18    Spells: 32/35 levels left

rFire   + + +      SeeInvis +    a - +9 demon trident (spect)
rCold   + . .      Faith    .    e - +5 kite shield {reflect}
rNeg    + . .      Spirit   +    L - +4 moon troll leather armour {Spirit, Regen++ MP+5}
rPois   +          Reflect  +    Q - -2 hat of the Alchemist {rElec rPois rF+ rC+ rN+ Will+ rMut rCorr}
rElec   +          Rampage  .    x - +2 cloak
rCorr   +          Clarity  +    f - +2 pair of gloves
rMut    +                        z - +2 pair of boots {Fly}
Will    +++..                    Y - amulet of False Pretenses {+Inv rF+ Regen+}
Stlth   +                        g - ring of willpower
HPRegen 2.92/turn                O - ring "Fut Dyff" {rPois rF+ rCorr Str+3 SInv, =R}
MPRegen 0.28/turn

@: flying, studying 2 skills
A: dopey 1, hated by all, no earth magic, no summoning magic, no transmutations
magic, unskilled 1, inexperienced 1, (nimble swimmer 2), mertail, agile 1,
clarity, frail 1, screaming 1, subdued magic 1
0: Orb of Zot
}: 3/15 runes: decaying, silver, gossamer
a: Renounce Religion, Evoke Invisibility, Sacrifice Nimbleness, Sacrifice
Artifice, Sacrifice an Eye, Reject Sacrifices, Draw Out Power, Power Leap,
Apocalypse


You escaped.
You worshipped Ru.
Ru was extremely pleased with you.
You visited 11 branches of the dungeon, and saw 51 of its levels.
You also visited: Ice Cave, Wizlab and Desolation.

You collected 9983 gold pieces.
You spent 7908 gold pieces at shops.

Inventory:

Hand Weapons
 a - a +9 spectral demon trident (weapon)
 h - the +9 spear of Success {spect, *Slow Will++}
   (You took it off a wizard on level 10 of the Dungeon)

   *Slow:     It may slow you when you take damage.
   Will:      It greatly increases your willpower.
Missiles
 v - 3 curare-tipped darts {=F}
Armour
 e - a +5 kite shield of reflection (worn)
 f - a +2 pair of gloves (worn)
 x - a +2 cloak (worn)
 z - a +2 pair of boots of flying (worn)
 L - the +4 moon troll leather armour (worn) {Spirit, Regen++ MP+5}
   (You took it off an orc knight on level 4 of the Vaults)

   MP:        It affects your magic capacity (+5).
   Regen:     It increases your rate of health regeneration.
 Q - the -2 hat of the Alchemist (worn) {rElec rPois rF+ rC+ rN+ Will+ rMut rCorr}
   (You bought it in a shop on level 2 of the Elven Halls)

   rF:        It protects you from fire.
   rC:        It protects you from cold.
   rElec:     It insulates you from electricity.
   rPois:     It protects you from poison.
   rN:        It protects you from negative energy.
   rCorr:     It protects you from acid and corrosion.
   rMut:      It protects you from mutation.
   Will:      It increases your willpower.
Jewellery
 g - a ring of willpower (left hand)
 i - a ring of positive energy
 r - a +6 ring of strength
 O - the ring "Fut Dyff" (right hand) {rPois rF+ rCorr Str+3 SInv, =R}
   (You found it on level 4 of the Vaults)

   [ring of resist corrosion]

   Str:       It affects your strength (+3).
   rF:        It protects you from fire.
   rPois:     It protects you from poison.
   SInv:      It lets you see invisible.
   rCorr:     It protects you from acid and corrosion.
 X - the ring of Fahyqom {Contam rElec rF+ EV+5}
   (You took it off a yaktaur captain on level 5 of the Vaults)

   [ring of evasion]

   EV:        It affects your evasion (+5).
   rF:        It protects you from fire.
   rElec:     It insulates you from electricity.
   Contam:    It causes magical contamination when unequipped.
 Y - the amulet of False Pretenses (around neck) {+Inv rF+ Regen+}
   (You took it off a wizard on level 10 of the Dungeon)

   [amulet of regeneration]

   rF:        It protects you from fire.
   +Inv:      It lets you turn invisible.
   Regen:     It increases your rate of health regeneration.
Wands
 d - a wand of digging (33)
 j - a wand of quicksilver (30)
 k - a wand of iceblast (26)
 p - a wand of paralysis (17)
 s - a wand of mindburst (40) (quivered)
 P - a wand of polymorph (25)
Scrolls
 b - 7 scrolls of enchant armour
 m - 8 scrolls of magic mapping
 y - 4 scrolls of immolation
 E - 7 scrolls of fear
 F - 12 scrolls of fog
 J - a scroll of silence {!r}
 T - 14 scrolls of teleportation
 V - 9 scrolls of vulnerability
Potions
 o - 13 potions of ambrosia
 q - 36 potions of curing
 u - 11 potions of mutation {!q}
 A - 4 potions of attraction
 H - 4 potions of haste {!q}
 I - 4 potions of invisibility
 K - 4 potions of magic {!q}
 M - a potion of might
 N - 8 potions of cancellation {!q}
 R - 3 potions of resistance
 W - 13 potions of heal wounds {!q}
 Z - 4 potions of berserk rage {!q}
Miscellaneous
 c - a condenser vane
 l - a lightning rod (4/4)
 n - a phial of floods (inert)
 t - a tin of tremorstones (inert)


   Skills:
 + Level 20.5 Fighting
 - Level 20.0 Polearms
 - Level 6.0 Throwing
 - Level 14.0 Armour
 + Level 21.2 Dodging
 - Level 5.0 Stealth
 - Level 20.0 Shields
 - Level 5.0 Spellcasting
 - Level 7.0 Translocations
 - Level 23.0 Invocations
 - Level 15.0 Evocations


You had 32 spell levels left.
You knew the following spells:

 Your Spells              Type           Power      Damage    Failure   Level
g - Apportation           Tloc           32%        N/A       1%          1
B - Blink                 Tloc           32%        N/A       1%          2

Your spell library contained the following spells:

 Spells                   Type           Power      Damage    Failure   Level
 Lesser Beckoning         Tloc           32%        N/A       1%          2
 Momentum Strike          Conj/Tloc      18%        3d8       9%          2
 Portal Projectile        Hex/Tloc       18%        N/A       17%         3
 Freeze                   Ice            8%         1d3       24%         1
 Kiss of Death            Conj/Necr      8%         2d6       24%         1
 Magic Dart               Conj           8%         1d3       24%         1
 Necrotise                Necr           8%         1d4       24%         1
 Shock                    Conj/Air       8%         1d3       24%         1
 Kindle Blastsparks       Fire/Tloc/Air  14%        2d11      30%         3
 Cigotuvi's Dreadful Rot  Necr/Pois/Air  4%         N/A       36%         2
 Poisonous Vapours        Pois/Air       4%         N/A       36%         2
 Scorch                   Fire           4%         2d5       36%         2
 Searing Ray              Conj           4%         2d4       36%         2
 Static Discharge         Conj/Air       4%         2-3/arc   36%         2
 Sublimation of Blood     Necr           2%         N/A       36%         2
 Iskenderun's Mystic Bla  Conj/Tloc      9%         2d4       52%         4
 Confusing Touch          Hex            2%         N/A       61%         3
 Dazzling Flash           Conj/Hex       4%         N/A       61%         3
 Frozen Ramparts          Ice            4%         1d1       61%         3
 Hailstorm                Conj/Ice       2%         3d3       61%         3
 Inner Flame              Hex/Fire       2%         N/A       61%         3
 Mephitic Cloud           Conj/Pois/Air  2%         N/A       61%         3
 Ozocubu's Armour         Ice            2%         N/A       61%         3
 Swiftness                Air            2%         N/A       61%         3
 Vampiric Draining        Necr           2%         2d6       61%         3
 Airstrike                Air            1%         2d(1-17)  95%         4
 Anguish                  Hex/Necr       1%         N/A       95%         4
 Cause Fear               Hex            1%         N/A       95%         4
 Dispel Undead            Necr           2%         3d7       95%         4
 Fulminant Prism          Conj/Hex       1%         3d5       95%         4
 Olgreb's Toxic Radiance  Pois           2%         N/A       95%         4
 Agony                    Necr           2%         N/A       100%        5
 Freezing Cloud           Conj/Ice/Air   1%         6-21      100%        5
 Iskenderun's Battlesphe  Conj           2%         2d6       100%        5
 Silence                  Hex/Air        1%         N/A       100%        5
 Conjure Ball Lightning   Conj/Air       1%         3x3d6     100%        6
 Starburst                Conj/Fire      1%         6d3       100%        6
 Orb of Destruction       Conj           1%         9d5       100%        7
 Ozocubu's Refrigeration  Ice            1%         4d7       100%        7
 Borgnjor's Revivificati  Necr           1%         N/A       100%        8
 Discord                  Hex            1%         N/A       100%        8
 Death's Door             Necr           1%         N/A       100%        9
 Sting                    Tmut/Pois      Unusable   1d3       N/A         1
 Call Imp                 Summ           Unusable   N/A       N/A         2
 Passwall                 Tmut/Erth      Unusable   N/A       N/A         2
 Ignite Poison            Fire/Tmut/Pois Unusable   N/A       N/A         3
 Summon Guardian Golem    Hex/Summ       Unusable   N/A       N/A         3
 Tukima's Dance           Hex            Unusable   N/A       N/A         3
 Animate Dead             Necr           Unusable   N/A       N/A         4
 Ice Form                 Ice/Tmut       Unusable   N/A       N/A         4
 Alistair's Intoxication  Tmut/Pois      Unusable   N/A       N/A         5
 Blade Hands              Tmut           Unusable   N/A       N/A         5
 Simulacrum               Ice/Necr       Unusable   N/A       N/A         6
 Summon Cactus Giant      Summ           Unusable   N/A       N/A         6
 Dragon Form              Tmut           Unusable   N/A       N/A         7
 Haunt                    Necr/Summ      Unusable   N/A       N/A         7
 Spellforged Servitor     Conj/Summ      Unusable   N/A       N/A         7
 Infestation              Necr           Unusable   N/A       N/A         8
 Necromutation            Tmut/Necr      Unusable   N/A       N/A         8
 Dragon's Call            Summ           Unusable   N/A       N/A         9

Dungeon Overview and Level Annotations

Branches:
Dungeon (15/15)            Temple (1/1) D:6            Lair (5/5) D:8
  Swamp (4/4) Lair:2       Spider (4/4) Lair:3        Slime (0/5) Lair:4
    Orc (2/2) D:12            Elf (3/3) Orc:2        Vaults (5/5) D:13
  Crypt (3/3) Vaults:3       Tomb (0/3) Crypt:3      Depths (4/4) D:15
    Zot (5/5) Depths:4      IceCv (visited)          WizLab (visited)
Desolation (visited)

Altars:
Ashenzari
Cheibriados
Dithmenos
Elyvilon
Gozag
Kikubaaqudgha
Makhleb
Nemelex Xobeh
Okawaru
Qazlal
Ru
Sif Muna
Trog
Uskayaw
Vehumet
Wu Jian
Xom
Zin
The Shining One
Lugonu

Shops:
D:3 (   D:5 *   D:10 [   Orc:2 *[!!   Elf:2 [*!=   Elf:3 *=:   Vaults:1 *
Vaults:3 !:?[

Portals:
Hell: Depths:1 Depths:2 Depths:3 Depths:4
Abyss: Lair:5 Depths:2 Depths:3
Pandemonium: Depths:2
Ziggurat: Depths:2


Innate Abilities, Weirdness & Mutations

You are dopey. (Int -2)
You are hated by all.
You cannot study or cast Earth magic.
You cannot study or cast Summoning magic.
You cannot study or cast Transmutations magic.
You are somewhat unskilled. (-1 Apt)
You are somewhat inexperienced. (-1 XL)
((You are very nimble when in or above water. (Stealth+, EV+, Speed+++)))
Your lower body shifts to a powerful aquatic tail in water.
You are agile. (Dex +4, Str/Int -1)
You possess an exceptional clarity of mind.
You are frail. (-10% HP)
You occasionally shout uncontrollably at your foes.
Your spells are a little easier to cast, but a little less powerful.


Message History

(D) Dungeon (T) Temple (L) Lair (S) Swamp (N) Spider Nest (M) Slime Pits (O) Orcish Mines (E) Elven Halls (V) Vaults (C) Crypt (W) Tomb (U) Depths (H) Hell (Z) Zot
Where to? (Enter - D:1 @ (x,y), ? - help)
An ice devil comes into view.
You reach to attack!
You barely miss the ice devil.
Your +9 spectral demon trident hits the ice devil but does no damage.
You reach to attack!
You hit the ice devil.
The ice devil is lightly wounded.
Your +9 spectral demon trident hits the ice devil!!
The ice devil barely misses your +9 spectral demon trident.
You reach to attack!
You hit the ice devil.
The ice devil is heavily wounded.
Your +9 spectral demon trident closely misses the ice devil.
The ice devil barely misses your +9 spectral demon trident.
You reach to attack!
You impale the ice devil!!
The ice devil is almost dead.
Your +9 spectral demon trident barely misses the ice devil.
You reach to attack!
You barely miss the ice devil.
The ice devil is almost dead.
Your +9 spectral demon trident hits the ice devil!!
You kill the ice devil!
(D) Dungeon (T) Temple (L) Lair (S) Swamp (N) Spider Nest (M) Slime Pits (O) Orcish Mines (E) Elven Halls (V) Vaults (C) Crypt (W) Tomb (U) Depths (H) Hell (Z) Zot
Where to? (Enter - D:1 @ (x,y), ? - help)
There is a stone staircase leading up here.
You fly upwards.
There is a stone staircase leading down here.
There is a stone staircase leading up here.
You fly upwards.
There is a stone staircase leading down here.
You reach down and open the door.
There is an open door here.
A hell beast comes into view.
You impale the hell beast!!
The hell beast is moderately wounded.
Your +9 spectral demon trident completely misses the hell beast.
You block the hell beast's attack. The hell beast misses you.
You impale the hell beast!!
The hell beast is severely wounded.
Your +9 spectral demon trident hits the hell beast from afar!!
You block the hell beast's attack. x2
You puncture the hell beast!
You kill the hell beast!
A tormentor comes into view.
There is a staircase leading out of the dungeon here.
You have escaped!

#.#
#...#≈.~#§≈§#
#.#
#...#~.~#§≈§#
#.#
#...#~.~#≈..#
..#
#.2.#...#...#
#.#
#...........#
#.#
#...........#
>.#
#...........#
###
#...........#
#.....@.....#
#...........#
#############


You could see a tormentor.

Vanquished Creatures
  3 dread liches
  An orb of fire (Zot:5)
  Khufu (Crypt:2)
  3 ancient liches
  Mennas (Vaults:2)
  Mara (Vaults:3)
  3 royal mummies
  Sojobo (Depths:2)
  Boris (thrice) (Crypt:2 Crypt:3 Depths:3)
  Frederick (Vaults:4)
  The ghost of Xtruder99 the Timeless, a veteran GnFi of Cheibriados (Vaults:4)
  Bai Suzhen (Vaults:3)
  2 curse toes (Zot:5)
  A caustic shrike (Depths:3)
  6 golden dragons
  3 bone dragons
  the Enchantress (Depths:3)
  An electric golem (Zot:1)
  Arachne (Spider:3)
  10 tentacled monstrosities
  Zenata (Vaults:2)
  9 Orb Guardians
  2 titans
  4 liches
  3 deep elf blademasters
  Asterion (Spider:4)
  5 quicksilver dragons
  A walking frostbound tome (Depths:3)
  An acid blob (Spider:3)
  An eldritch tentacle (Zot:5)
  Gastronok (Lair:3)
  2 deep elf master archers (Elf:3)
  7 sphinxes
  4 ancient champions (Crypt:3)
  2 Executioners
  A thorn hunter (Swamp:2)
  8 shadow dragons
  Donald (Orc:2)
  11 storm dragons
  3 draconian monks (Zot:2)
  9 tengu reavers
  3 revenants
  A fenstrider witch (Swamp:3)
  The ghost of Aldia the Envoy of Void, an adept GnWn of Lugonu (D:15)
  5 fire giants
  14 frost giants
  3 draconian scorchers
  20 vault wardens
  4 deep elf sorcerers
  2 draconian knights
  6 ghost moths
  2 iron dragons
  3 emperor scorpions
  A spectral juggernaut (Depths:2)
  A caustic shrike zombie (Crypt:3)
  3 imperial myrmidons (Desolation)
  2 draconian stormcallers
  5 spriggan defenders (Depths:3)
  3 draconian shifters
  A broodmother (shapeshifter) (Lair:5)
  3 curse skulls
  A reaper (Crypt:2)
  2 ghouls (Crypt:3)
  Aizul (Swamp:1)
  A draconian annihilator (Zot:5)
  19 ironbound preservers
  4 caustic shrike skeletons (Crypt:3)
  4 deep elf elementalists (Elf:3)
  2 orc warlords
  2 war gargoyles (Vaults:5)
  6 vampire knights
  48 very ugly things
  21 stone giants
  4 ironbound thunderhulks
  5 broodmothers
  A juggernaut skeleton (Crypt:3)
  Nessos (Orc:2)
  4 eleionomae
  10 green draconians
  4 red draconians
  9 deep elf annihilators
  6 deep elf demonologists
  5 bunyips
  A halazid warlock (Desolation)
  6 black draconians
  A bunyip (shapeshifter) (Vaults:5)
  A spectral titan (Depths:2)
  19 purple draconians
  6 yellow draconians
  A spark wasp (shapeshifter) (Depths:2)
  7 spark wasps
  4 dire elephants (Vaults:4)
  9 statues (WizLab)
  An eidolon (Crypt:3)
  13 deep elf death magi
  5 white draconians
  A crystal guardian (Desolation)
  11 ettins
  A quicksilver dragon zombie (Crypt:3)
  Josephine (D:13)
  4 blizzard demons
  A shambling mangrove (Swamp:4)
  18 yaktaur captains
  11 jiangshi
  9 entropy weavers
  6 mummy priests
  A green death (D:13)
  3 deep elf high priests (Elf:3)
  12 ragged hierophants
  8 fire dragons
  3 rakshasas
  A spectral quicksilver dragon (Depths:2)
  2 spectral golden dragons (Depths:2)
  3 spriggan zombies
  3 great orbs of eyes
  13 servants of whispers (Desolation)
  A hell beast (D:1)
  14 peacekeepers (Desolation)
  2 quicksilver dragon skeletons
  14 ice dragons
  13 hydras
  8 ogre magi
  10 spriggan air magi
  7 ghost crabs
  33 vault guards
  3 catoblepae
  4 death knights
  3 radroaches
  2 spectral frost giants (Depths:2)
  2 spectral sphinxes (Depths:2)
  8 ironbound frosthearts
  A fenstrider witch skeleton (Crypt:3)
  3 jorogumos (Spider:4)
  A spectral stone giant (Depths:2)
  20 centaur warriors
  13 boulder beetles
  5 spriggan skeletons
  A boulder beetle (shapeshifter) (Vaults:5)
  9 alligators
  7 death yaks
  A spectral fire giant (Depths:2)
  23 dancing weapons
  A death scarab (Spider:4)
  22 two-headed ogres
  4 spriggan berserkers (Depths:4)
  10 deep troll earth magi
  3 deep troll shamans
  6 vampire magi
  3 orc high priests
  7 tengu warriors
  3 thrashing horrors (Lair:5)
  26 deep elf knights
  8 hell knights
  2 large abominations (Lair:5)
  The ghost of julianmaster the Nimble, a novice MiHu of Gozag (D:9)
  An emperor scorpion zombie (Crypt:3)
  8 sun demons (Depths:1)
  Amaemon (Lair:3)
  4 sun moths
  2 soul eaters
  2 skysharks (Lair:4)
  Nergalle (Lair:3)
  A spectral storm dragon (Depths:2)
  8 iron trolls
  6 titan skeletons
  10 pharaoh ants
  A spectral spark wasp (Depths:2)
  2 goliath frogs
  6 spriggan druids
  60 deep trolls
  A spark wasp zombie (Depths:2)
  A bunyip zombie (Swamp:3)
  3 glowing orange brains
  A salamander mystic (Depths:4)
  24 skeletal warriors
  7 flayed ghosts
  11 orc knights
  20 orb spiders
  6 wizards
  21 ironbound convokers
  11 swamp dragons
  3 obsidian statues
  A spectral iron dragon (Depths:2)
  23 lindwurms
  Pikel (D:4)
  14 deep elf archers
  A golden dragon skeleton (Crypt:3)
  3 harpies (Vaults:1)
  14 bog bodies
  10 phantasmal warriors
  2 bunyip skeletons (Swamp:3)
  5 orc sorcerers
  8 steelbarb worms
  2 fire giant zombies
  A goliath frog zombie (Crypt:2)
  34 deep elf zephyrmancers
  A harpy (shapeshifter) (Vaults:5)
  12 necromancers
  2 anaconda skeletons (Crypt:3)
  32 deep elf pyromancers
  An oklob plant (Spider:3)
  39 ugly things
  A frost giant zombie (Depths:2)
  3 shadow dragon skeletons
  A salamander (shapeshifter) (Depths:4)
  4 cyclopes
  A shining eye (shapeshifter) (Vaults:5)
  A spectral spriggan (Depths:2)
  16 wolf spiders
  A tengu skeleton (Depths:1)
  3 shining eyes (Depths:1)
  3 will-o-the-wisps (Swamp:3)
  15 moths of wrath
  A manticore (shapeshifter) (Vaults:4)
  4 salamanders
  6 manticores
  The ghost of Takeo the Covert, a novice KoBr (D:5)
  An elephant (Lair:1)
  2 smoke demons (Lair:5)
  3 black mambas
  8 demonic crawlers
  9 vault sentinels
  3 frost giant skeletons
  2 molten gargoyles
  7 guardian serpents (Desolation)
  An iron dragon skeleton (Crypt:3)
  6 torpor snails
  2 torpor snails (shapeshifter) (Vaults:5)
  A dire elephant skeleton (Crypt:1)
  A yaktaur zombie (Vaults:2)
  7 cane toads
  3 gargoyles (D:14)
  A naga skeleton (Crypt:3)
  An unseen horror (D:11)
  An orange demon (Lair:3)
  A black draconian zombie (Crypt:3)
  A hellion (Depths:1)
  A rime drake (Lair:1)
  Psyche (D:9)
  A kobold demonologist (D:10)
  8 ice devils
  2 efreet
  36 yaktaurs
  5 komodo dragons
  A spectral glowing shapeshifter (Depths:2)
  A yaktaur (shapeshifter) (Elf:1)
  Maggie (Lair:2)
  11 freezing wraiths
  2 ancient zymes (Lair:5)
  2 anaconda simulacra (IceCv)
  A harpy zombie (Crypt:2)
  A tengu simulacrum (Vaults:2)
  14 tengu conjurers
  17 meliai
  14 guardian mummies
  7 tyrant leeches
  3 polar bears (Lair:1)
  A harpy skeleton (Crypt:3)
  A mana viper skeleton (Crypt:1)
  A hellwing (D:3)
  9 hornets
  A polar bear (shapeshifter) (Vaults:5)
  A queen bee (D:13)
  A bloated husk (Swamp:2)
  4 trolls
  110 saltlings
  20 tarantellas
  A blink frog (shapeshifter) (Elf:3)
  6 dream sheep (Lair:3)
  27 blink frogs
  A fire giant simulacrum (Depths:2)
  A great orb of eyes zombie (Crypt:2)
  A sphinx simulacrum (Depths:2)
  11 flying skulls
  30 jumping spiders
  A centaur simulacrum (Crypt:3)
  A black mamba zombie (Crypt:3)
  7 air elementals
  An ettin zombie (Vaults:1)
  4 slime creatures (D:14)
  5 wraiths
  An ettin skeleton (Vaults:5)
  3 shadows
  10 small abominations (Lair:5)
  A ynoxinul (Lair:5)
  Eustachio (D:4)
  A dire elephant simulacrum (IceCv)
  26 culicivoras
  12 spriggans
  A spriggan (shapeshifter) (D:15)
  4 vampires
  6 water elementals
  A hog (shapeshifter) (Lair:5)
  2 chaos spawn
  15 wyverns
  42 yaks
  A fire elemental (Elf:2)
  6 vampire mosquitoes
  3 steam dragons
  9 minotaur simulacra (IceCv)
  8 basilisks
  48 redbacks
  5 wargs
  2 glowing shapeshifter zombies
  17 swamp worms
  A water nymph zombie (Crypt:3)
  Duvessa (D:5)
  9 acid dragons
  16 water moccasins
  A hydra simulacrum (IceCv)
  3 swamp drakes (Swamp:4)
  A demonspawn skeleton (Crypt:2)
  2 alligator simulacra (IceCv)
  A swamp dragon zombie (Crypt:1)
  19 orc warriors
  9 spriggan simulacra
  A hornet zombie (Swamp:3)
  2 sky beasts
  An ettin simulacrum (IceCv)
  A manticore zombie (Crypt:2)
  The ghost of Tungsten the Magician, an amateur NaHW (D:3)
  4 centaurs
  A snapping turtle skeleton (Crypt:2)
  A wolf (shapeshifter) (Vaults:5)
  11 wolves
  A phantom (D:4)
  5 boggarts (Vaults:3)
  31 ogres
  A rime drake zombie (Crypt:3)
  An elf simulacrum (Vaults:5)
  4 kobold brigands
  A necrophage (Crypt:3)
  11 bullfrogs
  A glowing shapeshifter simulacrum (Vaults:1)
  4 scorpions
  A human zombie (Vaults:5)
  12 deep troll simulacra (IceCv)
  An earth elemental (Elf:1)
  A cyclops skeleton (Crypt:1)
  2 gnoll sergeants
  21 wights
  Dowan (D:5)
  A wyvern skeleton (Crypt:2)
  34 killer bees
  8 howler monkeys
  2 electric eels
  A vampire bat (Lair:4)
  A centaur zombie (D:5)
  A jelly (D:6)
  3 bullfrog skeletons
  12 orc priests
  3 centaur skeletons
  4 iguanas
  A gnoll bouda (D:5)
  A basilisk skeleton (Crypt:2)
  4 hell rats (Lair:3)
  26 orc wizards
  4 sleepcaps
  Natasha (thrice) (D:3)
  A killer bee zombie (D:3)
  2 mummies (Crypt:2)
  Robin (D:4)
  8 gnolls
  2 adders
  A steam dragon skeleton (Crypt:1)
  A shadow imp (D:6)
  A white imp (D:6)
  An adder skeleton (Crypt:1)
  3 dart slugs
  95 orcs
  6 endoplasms
  8 giant cockroaches
  8 goblins
  8 hobgoblins
  8 jackals
  10 kobolds
  3 quokkas
  5 ball pythons
  11 bats
  3 frilled lizards (D:3)
  A kobold skeleton (Crypt:1)
  A kobold zombie (Crypt:2)
  5 rats
  A bush (Lair:2)
2493 creatures vanquished.

Vanquished Creatures (collateral kills)
  A gnoll (D:5)
  An orc (D:4)
2 creatures vanquished.

Vanquished Creatures (others)
  A lich (Depths:2)
  A sphinx (Crypt:2)
  A shadow dragon (Zot:2)
  A tengu reaver (Vaults:5)
  A frost giant (Depths:3)
  An iron dragon (Vaults:5)
  Louise (D:14)
  A draconian stormcaller (Zot:2)
  A reaper (Zot:5)
  A spark wasp (Depths:1)
  A mummy priest (Crypt:2)
  A vault guard (D:13)
  A peacekeeper (Desolation)
  3 hydras (Swamp:4)
  An alligator (Swamp:2)
  A goliath frog (Swamp:3)
  An orb spider (Spider:4)
  A deep elf archer (Elf:1)
  A deep troll (Vaults:3)
  An ironbound convoker (Vaults:2)
  A phantasmal warrior (Crypt:3)
  A wolf spider (Spider:4)
  An ugly thing (Lair:5)
  A manticore (D:13)
  A black mamba (Lair:5)
  A yaktaur (D:15)
  A meliai (D:13)
  A troll (D:10)
  A tarantella (Spider:4)
  A saltling (Desolation)
  A redback (Spider:4)
  A floating eye (shapeshifter) (D:15)
  An orc wizard (D:9)
  3 orcs
  A jackal (D:4)
  A ball python (D:3)
  3 bushes (Lair:4)
  10 foxfires (Swamp:3)
  18 fungi
  54 plants
  7 toadstools (Lair:1)
  2 withered plants (Desolation)
134 creatures vanquished.

Grand Total: 2629 creatures vanquished

Notes
Turn   | Place    | Note
-------+----------+-------------------------------------------
     0 | D:1      | Ge0ff the Merfolk Artificer began the quest for the Orb.
     0 | D:1      | Reached XP level 1. HP: 15/15 MP: 1/1
   115 | D:1      | Reached skill level 1 in Polearms
   233 | D:1      | Found a faded altar of an unknown god.
   239 | D:1      | Prayed at the altar of an unknown god.
   239 | D:1      | Became a worshipper of Ru the Awakened
   253 | D:1      | Gained mutation: You are somewhat unskilled. (-1 Apt) [Ru
                  | sacrifice]
   253 | D:1      | Reached * piety under Ru
   283 | D:1      | Reached XP level 2. HP: 20/21 MP: 2/2
   977 | D:2      | Reached XP level 3. HP: 25/26 MP: 3/3
  1710 | D:3      | Found a transporter.
  1712 | D:3      | Noticed Natasha
  1716 | D:3      | Killed Natasha
  1717 | D:3      | Reached XP level 4. HP: 30/32 MP: 4/4
  1774 | D:3      | Found a large runed translucent door.
  1775 | D:3      | Found a large runed translucent door.
  1788 | D:3      | Found a glowing silver altar of Zin.
  1823 | D:3      | Found a hazy altar of Hepliaklqana.
  1888 | D:3      | Found a transporter.
  1954 | D:3      | Noticed Tungsten's ghost (amateur NaHW)
  1999 | D:3      | Found Gewise Jutepn's Weapon Boutique.
  2049 | D:3      | Noticed Natasha
  2055 | D:3      | Killed Natasha
  2056 | D:3      | Reached skill level 5 in Polearms
  2070 | D:3      | Noticed Natasha
  2081 | D:3      | Killed Natasha
  2082 | D:3      | Reached XP level 5. HP: 37/37 MP: 5/5
  2198 | D:3      | Found a shimmering altar of Xom.
  2199 | D:3      | Found a shimmering altar of Xom.
  2199 | D:3      | Found a shimmering altar of Xom.
  2199 | D:3      | Found a shimmering altar of Xom.
  2200 | D:3      | Found a shimmering altar of Xom.
  2288 | D:3      | Found a white marble altar of Elyvilon.
  2522 | D:4      | Noticed a phantom
  2569 | D:4      | Gained mutation: You cannot study or cast Earth magic. [Ru
                  | sacrifice]
  2569 | D:4      | Gained mutation: You cannot study or cast Transmutations
                  | magic. [Ru sacrifice]
  2569 | D:4      | Gained mutation: You cannot study or cast Summoning magic.
                  | [Ru sacrifice]
  2569 | D:4      | Reached ** piety under Ru
  2809 | D:4      | Found a blossoming altar of Fedhas.
  2872 | D:4      | Noticed Robin
  2876 | D:4      | Reached skill level 1 in Armour
  2876 | D:4      | Gained mutation: You are agile. (Dex +4, Str/Int -1)
                  | [potion of mutation]
  2876 | D:4      | Gained mutation: You possess an exceptional clarity of
                  | mind. [potion of mutation]
  2876 | D:4      | Gained mutation: Your spells are a little easier to cast,
                  | but a little less powerful. [potion of mutation]
  2883 | D:4      | Killed Robin
  2986 | D:4      | Killed a phantom
  2987 | D:4      | Reached XP level 6. HP: 41/44 MP: 6/6
  3158 | D:4      | Noticed Pikel
  3168 | D:4      | Killed Pikel
  3169 | D:4      | Reached XP level 7. HP: 41/50 MP: 7/7
  3314 | D:4      | Noticed Eustachio
  3343 | D:4      | Killed Eustachio
  3344 | D:4      | Reached skill level 10 in Polearms
  3344 | D:4      | Reached XP level 8. HP: 51/56 MP: 8/8
  3374 | D:4      | Found a sparkling altar of Nemelex Xobeh.
  3457 | D:4      | Found an ancient bone altar of Kikubaaqudgha.
  3471 | D:4      | Found a radiant altar of Vehumet.
  3489 | D:4      | Found a shimmering blue altar of Sif Muna.
  3878 | D:5      | Entered Level 5 of the Dungeon
  3890 | D:5      | Found Veilynge's Overcharged Wands.
  4166 | D:5      | Noticed Duvessa
  4176 | D:5      | Noticed Dowan
  4180 | D:5      | Killed Duvessa
  4180 | D:5      | Killed Dowan
  4410 | D:5      | Found a runed translucent gate.
  4410 | D:5      | Found a runed translucent gate.
  4410 | D:5      | Found a runed translucent gate.
  4413 | D:5      | Noticed Takeo's ghost (novice KoBr)
  4558 | D:5      | Found an ornate altar of the Wu Jian Council.
  4831 | D:5      | Killed Takeo's ghost
  4832 | D:5      | Reached XP level 9. HP: 65/66 MP: 9/9
  4963 | D:6      | Found a staircase to the Ecumenical Temple.
  4983 | Temple   | Entered the Ecumenical Temple
  5033 | D:6      | Gained mutation: You are hated by all. [Ru sacrifice]
  5033 | D:6      | Reached *** piety under Ru
  5064 | D:6      | Reached skill level 5 in Fighting
  5886 | D:7      | Found an iron altar of Okawaru.
  5935 | D:7      | Reached skill level 1 in Throwing
  6985 | D:8      | Noticed a komodo dragon
  6999 | D:8      | Reached XP level 10. HP: 44/77 MP: 7/10
  7762 | D:8      | Reached skill level 5 in Dodging
  7833 | D:8      | Found a staircase to the Lair.
  8058 | D:9      | Gained mutation: You are somewhat inexperienced. (-1 XL)
                  | [Ru sacrifice]
  8058 | D:9      | Reached XP level 9. HP: 72/72 MP: 9/9
  8058 | D:9      | Reached **** piety under Ru
  8072 | D:9      | Found a shimmering altar of Xom.
  8072 | D:9      | Noticed julianmaster's ghost (novice MiHu)
  8073 | D:9      | Found a runed translucent door.
  8073 | D:9      | Noticed a +2 quarterstaff of chaos
  8588 | D:9      | Noticed Psyche
  8613 | D:9      | Killed Psyche
  8770 | D:9      | Noticed a two-headed ogre
  8777 | D:9      | Killed a two-headed ogre
  8778 | D:9      | Reached XP level 10. HP: 76/83 MP: 10/10
  9450 | D:10     | Entered Level 10 of the Dungeon
  9766 | D:10     | Noticed a tengu warrior
  9768 | D:10     | Noticed a boulder beetle
  9771 | D:10     | Killed a tengu warrior
  9772 | D:10     | Reached skill level 10 in Fighting
  9967 | D:10     | Killed a boulder beetle
 10145 | D:10     | Found Ytijuics's Antique Armour Shop.
 10202 | D:10     | Bought a glowing hat for 224 gold pieces
 10260 | D:10     | Found an opulent altar of Gozag.
 10369 | D:10     | Found a shadowy altar of Dithmenos.
 10369 | D:10     | Found a bloodstained altar of Trog.
 10425 | D:10     | Noticed a centaur warrior
 10426 | D:10     | Noticed a sixfirhy
 10427 | D:10     | Noticed a brown ugly thing
 10429 | D:10     | Noticed an orc knight
 10432 | D:10     | Killed a centaur warrior
 10436 | D:10     | Killed a brown ugly thing
 10437 | D:10     | Noticed an orc knight
 10467 | D:10     | Killed an orc knight
 10749 | D:10     | Found a bloodstained altar of Trog.
 10774 | D:10     | Gained mutation: You are dopey. (Int -2) [Ru sacrifice]
 10774 | D:10     | Reached ***** piety under Ru
 10935 | D:10     | Identified the +9 spear of Success {spect, *Slow Will++}
 10935 | D:10     | Identified the amulet of False Pretenses {+Inv rF+ Regen+}
 10935 | D:10     | Noticed a wizard
 10936 | D:10     | Killed a wizard
 11064 | D:10     | Noticed a cyclops
 11071 | D:10     | Killed a cyclops
 11123 | D:10     | Killed an orc knight
 11385 | D:11     | Reached XP level 11. HP: 95/95 MP: 11/11
 11416 | D:11     | Reached skill level 1 in Shields
 11451 | D:11     | Noticed a boulder beetle
 11518 | D:11     | Killed a boulder beetle
 12016 | D:11     | Identified a scroll of acquirement
 12205 | D:11     | Found a bloodstained altar of Trog.
 12529 | D:12     | Found a staircase to the Orcish Mines.
 12657 | D:12     | Noticed a two-headed ogre
 12665 | D:12     | Killed a two-headed ogre
 12666 | D:12     | Reached skill level 5 in Evocations
 13196 | Lair:1   | Entered Level 1 of the Lair of Beasts
 13273 | Lair:1   | Noticed a four-headed hydra
 13276 | Lair:1   | Noticed an alligator
 13282 | Lair:1   | Killed a four-headed hydra
 13305 | Lair:1   | Killed an alligator
 13330 | Lair:1   | Noticed a death yak
 13350 | Lair:1   | Killed a death yak
 13398 | Lair:1   | Reached XP level 12. HP: 93/102 MP: 3/12
 13468 | Lair:1   | Acquired the +1 kite shield of Ryucok Soxt {rF+ rCorr
                  | Stlth+}
 13781 | Lair:1   | Found a runed translucent door.
 14557 | Lair:2   | Found a staircase to the Swamp.
 14633 | Lair:2   | Noticed Maggie
 14640 | Lair:2   | Killed Maggie
 14838 | Lair:2   | Reached skill level 15 in Polearms
 14841 | Lair:2   | Reached skill level 5 in Shields
 15347 | Lair:3   | Noticed Amaemon
 15370 | Lair:3   | Killed Amaemon
 15433 | Lair:3   | Found a hole to the Spider Nest.
 15473 | Lair:3   | Reached skill level 5 in Throwing
 15603 | Lair:3   | Reached skill level 5 in Armour
 15747 | Lair:3   | Noticed Nergalle
 15757 | Lair:3   | Killed Nergalle
 15794 | Lair:3   | Noticed Gastronok
 15814 | Lair:3   | Killed Gastronok
 15835 | Lair:3   | Reached XP level 13. HP: 110/111 MP: 8/13
 16262 | Lair:4   | Found a staircase to the Slime Pits.
 17182 | Lair:5   | Entered Level 5 of the Lair of Beasts
 17444 | Lair:5   | Noticed a broodmother
 17456 | Lair:5   | Killed a broodmother
 18133 | Lair:5   | Found a corrupted altar of Lugonu.
 18133 | Lair:5   | Found a one-way gate to the infinite horrors of the Abyss.
 18260 | Lair:5   | Reached skill level 10 in Dodging
 18447 | Lair:5   | Reached XP level 14. HP: 111/111 MP: 14/14
 18958 | D:3      | Killed Tungsten's ghost
 19146 | D:9      | Killed julianmaster's ghost
 19297 | Orc:1    | Entered Level 1 of the Orcish Mines
 19625 | Orc:2    | Entered Level 2 of the Orcish Mines
 19629 | Orc:2    | Found a staircase to the Elven Halls.
 19629 | Orc:2    | Noticed Donald
 19641 | Orc:2    | Killed Donald
 19749 | Orc:2    | Noticed Nessos
 19754 | Orc:2    | Killed Nessos
 19920 | Orc:2    | Found a burning altar of Makhleb.
 20905 | Orc:2    | Found Neif's Distillery.
 20905 | Orc:2    | Found Yxilefes's Distillery.
 20913 | Orc:2    | Found Unufull's Armour Emporium.
 20913 | Orc:2    | Found Awec's Assorted Antiques.
 20920 | Orc:2    | Bought a potion of heal wounds for 50 gold pieces
 20921 | Orc:2    | Bought a potion of heal wounds for 70 gold pieces
 20922 | Orc:2    | Bought a fizzy orange potion for 26 gold pieces
 20922 | Orc:2    | Bought a fuming white potion for 26 gold pieces
 20922 | Orc:2    | Bought a potion of heal wounds for 145 gold pieces
 20933 | Orc:2    | Bought a +1 helmet of see invisible for 231 gold pieces
 20933 | Orc:2    | Bought a +1 pair of boots of flying for 231 gold pieces
 20966 | Orc:2    | Bought a glowing chain mail for 217 gold pieces
 21415 | D:13     | Noticed Josephine
 21423 | D:13     | Killed Josephine
 21554 | D:13     | Found a glowing golden altar of the Shining One.
 21688 | D:13     | Found a gate to the Vaults.
 21724 | D:13     | Reached XP level 15. HP: 46/127 MP: 9/15
 22248 | D:14     | Reached skill level 15 in Fighting
 22534 | D:14     | Noticed Louise
 22557 | D:14     | Killed Louise
 22815 | D:15     | Entered Level 15 of the Dungeon
 22862 | D:15     | Found a staircase to the Depths.
 23155 | D:15     | Found a transporter.
 23156 | D:15     | Noticed Aldia's ghost (adept GnWn)
 23168 | D:15     | Found the +8 frozen axe "Frostbite" {freeze, freezing
                  | cloud, *Noise Fly rC+}
 23182 | D:15     | Found a transporter.
 23741 | Swamp:1  | Entered Level 1 of the Swamp
 23793 | Swamp:1  | Noticed Aizul
 23802 | Swamp:1  | Killed Aizul
 25177 | Swamp:3  | Noticed a thorn hunter
 25268 | Swamp:2  | Killed a thorn hunter
 25328 | Swamp:2  | Reached XP level 16. HP: 88/115 MP: 16/16
 25540 | Swamp:3  | Found an ancient bone altar of Kikubaaqudgha.
 25552 | Swamp:3  | Got the Grimoire of Abhorrent Liturgies
 25694 | Swamp:4  | Entered Level 4 of the Swamp
 25853 | Swamp:4  | Reached skill level 10 in Shields
 26206 | Swamp:4  | Got a decaying rune of Zot
 26271 | Swamp:4  | Reached skill level 10 in Evocations
 26512 | Spider:1 | Entered Level 1 of the Spider Nest
 28802 | Spider:2 | Found a frozen archway.
 28818 | IceCv    | Entered an ice cave
 29072 | IceCv    | Reached XP level 17. HP: 101/127 MP: 17/17
 29473 | IceCv    | Identified the +0 helmet of Xuetwoup {Int+2}
 29482 | IceCv    | Identified the +9 hand axe "Vezocen" {heavy, rF- rN++ MP+9
                  | Dex-5 SInv}
 30889 | Spider:3 | Noticed Arachne
 31340 | Spider:3 | Learned a level 1 spell: Apportation
 31353 | Spider:3 | Killed Arachne
 31891 | Spider:4 | Entered Level 4 of the Spider Nest
 32063 | Spider:4 | Noticed Asterion
 32075 | Spider:4 | Killed Asterion
 32646 | Spider:4 | Reached XP level 18. HP: 145/145 MP: 18/18
 32682 | Spider:4 | Identified the +1 leather armour of Relativism {rF+ rC+
                  | Str+4}
 32687 | Spider:4 | Acquired a manual of Dodging
 33732 | Spider:4 | Got a gossamer rune of Zot
 35224 | Elf:1    | Entered Level 1 of the Elven Halls
 35550 | Elf:1    | Reached skill level 15 in Dodging
 35858 | Elf:1    | Reached skill level 5 in Stealth
 35897 | Elf:1    | Reached skill level 1 in Invocations
 36353 | Elf:1    | Reached skill level 2 in Invocations
 36839 | Elf:2    | Found Doojip's Jewellery Shoppe.
 36841 | Elf:2    | Found Nycheg's Distillery.
 36841 | Elf:2    | Found Xeraotz's Assorted Antiques.
 36855 | Elf:2    | Paralysed by an air elemental for 1 turns
 36861 | Elf:2    | Paralysed by an air elemental for 1 turns
 36875 | Elf:2    | Paralysed by an air elemental for 1 turns
 36883 | Elf:1    | Reached XP level 19. HP: 65/164 MP: 1/21
 36993 | Elf:2    | Paralysed by an air elemental for 1 turns
 37010 | Elf:2    | Reached skill level 3 in Invocations
 37020 | Elf:2    | Found Ippacix's Armour Emporium.
 37029 | Elf:2    | Bought the -2 hat of the Alchemist {rElec rPois rF+ rC+ rN+
                  | Will+ rMut rCorr} for 1038 gold pieces
 37029 | Elf:2    | Found the -2 hat of the Alchemist {rElec rPois rF+ rC+ rN+
                  | Will+ rMut rCorr}
 37078 | Elf:2    | Found a crumbling gateway.
 37102 | Desolati | Entered the Desolation of Salt
 37192 | Desolati | Identified the +7 short sword of Vanity {freeze, *Rage
                  | Str+5}
 37277 | Desolati | Identified the +5 plate armour of the Cooper {*Slow Int+5
                  | SInv}
 37425 | Desolati | Reached skill level 10 in Armour
 37434 | Desolati | Identified the +10 flail "Qein" {flame, rElec Str-2 Dex+3}
 37552 | Desolati | Identified the +2 halberd of Plunder {freeze, +Blink rN++
                  | Int+3 Dex-3}
 37817 | Desolati | Reached skill level 4 in Invocations
 38162 | Desolati | Got Ukhlore's Spellbook of Transformed Pyromancy
 38170 | Desolati | Identified the +3 quarterstaff "Farashro" {heavy, +Blink
                  | Str+4}
 38226 | Desolati | Identified the +1 mace of the Messenger {freeze, rPois
                  | Dex+2 Stlth+}
 38307 | Desolati | Found the +10 zealot's sword {holy, Zealotry, *Rage rN+
                  | EV+3}
 38829 | Desolati | Reached skill level 5 in Invocations
 39172 | Desolati | Identified the staff of conjuration "Lana" {rElec}
 39729 | Elf:2    | Found a huge runed translucent gate.
 39729 | Elf:2    | Found a huge runed translucent gate.
 39729 | Elf:2    | Found a huge runed translucent gate.
 39732 | Elf:2    | Found a huge runed translucent gate.
 39734 | Elf:2    | Found a huge runed translucent gate.
 39969 | Elf:2    | Reached XP level 20. HP: 169/172 MP: 18/24
 40703 | Elf:3    | Entered Level 3 of the Elven Halls
 40854 | Elf:3    | Found Qeempus's Jewellery Emporium.
 40863 | Elf:3    | Found Qyqilim's Book Emporium.
 41146 | Elf:3    | Found Wocki's General Store.
 41146 | Elf:3    | Paralysed by an air elemental for 1 turns
 41148 | Elf:3    | Paralysed by an air elemental for 1 turns
 41325 | Elf:3    | Bought a potion of curing for 48 gold pieces
 41325 | Elf:3    | Bought a book of Spatial Translocations for 288 gold pieces
 41328 | Elf:3    | Learned a level 2 spell: Blink
 41562 | Elf:3    | Reached skill level 6 in Invocations
 41584 | Elf:3    | Reached skill level 1 in Spellcasting
 41587 | Elf:3    | Reached skill level 1 in Translocations
 41960 | Elf:3    | Identified the +7 dagger of Prescription {antimagic, rC-
                  | Str+7 SInv}
 42179 | Elf:3    | Found Qeempus's Jewellery Emporium.
 42198 | Elf:3    | Found Qyqilim's Book Emporium.
 42381 | Elf:3    | Found Wocki's General Store.
 42780 | Elf:3    | Identified the +4 battleaxe of Ointment {heavy, +Blink}
 42795 | Elf:3    | Got Ytucvuj's Anthology of the Shocking Hornet
 42796 | Elf:3    | Identified the staff of cold "Secom" {rPois rF+ rC+ SInv}
 42816 | Elf:3    | Identified the staff of conjuration "Viodiw" {rN+ MP+9
                  | Dex+4}
 42838 | Elf:3    | Got the Monograph on the Boulder and the Squall
 43866 | D:15     | Killed Aldia's ghost
 43904 | D:15     | Identified the staff of fire "Enyonuw" {rF+ rCorr Dex+3}
 44021 | Vaults:1 | Entered Level 1 of the Vaults
 44192 | Vaults:1 | Identified the amulet of Bugoitri {Acrobat Harm +Blink
                  | Int+3}
 44228 | Vaults:1 | Found Hoamn's Assorted Antiques.
 44256 | Vaults:1 | Bought a scroll of vulnerability for 136 gold pieces
 44256 | Vaults:1 | Bought 2 scrolls of fog for 272 gold pieces
 44256 | Vaults:1 | Bought a scroll of teleportation for 102 gold pieces
 44256 | Vaults:1 | Bought a scroll of magic mapping for 255 gold pieces
 44352 | Vaults:1 | Reached skill level 7 in Invocations
 44708 | Vaults:1 | Reached XP level 21. HP: 172/181 MP: 26/26
 45754 | Vaults:2 | Identified the +4 tower shield of the Catfish {-Cast rElec
                  | rPois Dex-5}
 45754 | Vaults:2 | Noticed Mennas
 45768 | Vaults:2 | Killed Mennas
 45829 | Vaults:2 | Reached skill level 8 in Invocations
 46010 | Vaults:2 | Found the +27 heavy crossbow "Sniper" {heavy, Acc+∞ SInv}
 46346 | Vaults:2 | Noticed Zenata
 46364 | Vaults:2 | Killed Zenata
 46899 | Vaults:3 | Found Lakh's Magic Scroll Boutique.
 46905 | Vaults:3 | Bought a scroll of blinking for 112 gold pieces
 46905 | Vaults:3 | Bought a scroll of poison for 60 gold pieces
 46925 | Vaults:3 | Found a magical portal.
 46936 | WizLab   | Entered Iskenderun's Mystic Tower
 47211 | WizLab   | Reached XP level 22. HP: 136/182 MP: 28/28
 47765 | WizLab   | Got Iskenderun's Book of Confrontation
 47765 | WizLab   | Got Iskenderun's Enchiridion on Outbursts
 47844 | Vaults:3 | Noticed Bai Suzhen
 47856 | Vaults:3 | Killed Bai Suzhen
 47857 | Vaults:3 | Reached skill level 9 in Invocations
 47971 | Vaults:3 | Noticed Mara
 47991 | Vaults:3 | Noticed Ge0ff's illusion
 47998 | Vaults:3 | Killed Mara
 48065 | Vaults:3 | Reached skill level 5 in Translocations
 48191 | Vaults:3 | Found Vicy's Book Boutique.
 48232 | Vaults:3 | Found Poecirgh's Distillery.
 48238 | Vaults:3 | Bought a potion of heal wounds for 80 gold pieces
 48326 | Vaults:3 | Found a staircase to the Crypt.
 48430 | Vaults:3 | Paralysed by a great orb of eyes for 3 turns
 48825 | Vaults:3 | Found Vaysoamn's Armour Shoppe.
 49103 | Vaults:4 | Identified the ring "Fut Dyff" {rPois rF+ rCorr Str+3 SInv}
 49173 | Vaults:4 | Acquired a manual of Shields
 49175 | Vaults:4 | Upgraded the game from 0.30-a0-939-gc8157cb160 to
                  | 0.30-a0-946-gec5dcfc036
 49178 | Vaults:4 | Found a runed translucent gate.
 49178 | Vaults:4 | Found a runed translucent gate.
 49178 | Vaults:4 | Found a runed translucent gate.
 49178 | Vaults:4 | Noticed Xtruder99's ghost (veteran GnFi)
 49639 | Vaults:4 | Reached skill level 10 in Invocations
 49785 | Vaults:4 | Noticed Frederick
 49796 | Vaults:4 | Killed Frederick
 49968 | Vaults:4 | Identified the +3 plate armour of the Stone Wall {rElec
                  | Dex-4 SInv}
 50293 | Vaults:4 | Reached skill level 5 in Spellcasting
 50336 | Vaults:4 | Killed Xtruder99's ghost
 50341 | Vaults:4 | Identified the +0 cloak "Dabbakhlif" {rN+}
 50928 | Crypt:1  | Entered Level 1 of the Crypt
 50967 | Crypt:1  | Reached skill level 15 in Shields
 51180 | Crypt:1  | Reached XP level 23. HP: 190/191 MP: 30/30
 51603 | Crypt:2  | Noticed Boris
 51614 | Crypt:2  | Killed Boris
 52149 | Crypt:2  | Identified the +0 leather armour of Faawi {Str+3}
 52149 | Crypt:2  | Noticed a royal mummy
 52168 | Crypt:2  | Killed a royal mummy
 52169 | Crypt:2  | Reached skill level 11 in Invocations
 52266 | Crypt:2  | Noticed a royal mummy
 52267 | Crypt:2  | Noticed Khufu
 52754 | Crypt:2  | Killed Khufu
 52763 | Crypt:2  | Killed a royal mummy
 52948 | Crypt:3  | Entered Level 3 of the Crypt
 53662 | Crypt:3  | Noticed Boris
 53674 | Crypt:3  | Killed Boris
 53744 | Crypt:3  | Reached skill level 12 in Invocations
 54340 | Crypt:3  | Identified the +6 plate armour of Hairy Liberty {-Tele rF+
                  | Dex+3}
 54494 | Crypt:3  | Noticed an ancient lich
 54503 | Crypt:3  | Killed an ancient lich
 54547 | Crypt:3  | Identified the +0 battleaxe of Terror {flame, rC- Will++
                  | Int+7}
 54581 | Crypt:3  | Got Ezxom's Quarto of Necromantic Secrets
 54712 | Crypt:3  | Identified the staff of cold "Qadwyfau" {*Corrode rC+ rN+++
                  | Dex+5 Stlth+}
 55078 | Crypt:3  | Found a staircase to the Tomb.
 55342 | Vaults:5 | Entered Level 5 of the Vaults
 55342 | Vaults:5 | Noticed an ancient lich
 55346 | Vaults:5 | Reached skill level 13 in Invocations
 55346 | Vaults:5 | Reached XP level 24. HP: 176/201 MP: 29/32
 55350 | Vaults:5 | Killed an ancient lich
 55373 | Vaults:5 | Noticed a dread lich
 55629 | Vaults:5 | Reached skill level 14 in Invocations
 55705 | Vaults:5 | Identified the +3 dire flail of Laump {spect, +Blink Str+4
                  | Int+3}
 55858 | Vaults:5 | Identified the staff of conjuration "Qeqa" {Int+4}
 55863 | Vaults:5 | Identified the +0 shortbow "Dopsisisch" {heavy, +Blink
                  | rPois rC- SInv}
 55885 | Vaults:5 | Identified the +5 morningstar "Senewk" {freeze, rPois}
 55942 | Vaults:5 | Identified the +6 chain mail of Purpose {rPois rC+ rN+
                  | Will-}
 56123 | Vaults:5 | Identified the ring of Fahyqom {Contam rElec rF+ EV+5}
 56287 | Vaults:5 | Reached skill level 15 in Invocations
 56438 | Vaults:5 | Noticed a dread lich
 56455 | Vaults:5 | Killed a dread lich
 56511 | Vaults:5 | Killed a dread lich
 56739 | Vaults:5 | Got a silver rune of Zot
 56843 | Vaults:5 | Got the Treatise on the Shadowy Mob
 56872 | Vaults:5 | Identified the +1 leather armour "Jefinidipt" {rN+ Str-5
                  | Slay+3 Stlth+}
 57210 | Vaults:5 | Found the +8 storm bow {elec, penet}
 57454 | D:14     | Reached XP level 25. HP: 210/210 MP: 34/34
 57488 | Depths:1 | Entered Level 1 of the Depths
 57488 | Depths:1 | Found an iron altar of Okawaru.
 57492 | Depths:1 | Reached skill level 16 in Invocations
 57903 | Depths:1 | Reached skill level 17 in Invocations
 57987 | Depths:1 | Found a gateway to Hell.
 58122 | Depths:1 | Found a stormy altar of Qazlal.
 58555 | Depths:2 | Found a corrupted altar of Lugonu.
 58707 | Depths:2 | Found a one-way gateway to a ziggurat.
 58742 | Depths:2 | Found a one-way gate leading to the halls of Pandemonium.
 58829 | Depths:2 | Reached skill level 18 in Invocations
 59360 | Depths:2 | Noticed a royal mummy
 59377 | Depths:2 | Killed a royal mummy
 59609 | Depths:3 | Noticed Sojobo
 59623 | Depths:2 | Killed Sojobo
 59804 | Depths:3 | Reached skill level 19 in Invocations
 59870 | Depths:3 | Noticed Boris
 59889 | Depths:3 | Killed Boris
 60267 | Depths:3 | Reached XP level 26. HP: 218/218 MP: 36/36
 60854 | Depths:3 | Noticed the Enchantress
 60859 | Depths:3 | Reached skill level 20 in Invocations
 60863 | Depths:3 | Killed the Enchantress
 61123 | Depths:4 | Entered Level 4 of the Depths
 61530 | Depths:4 | Noticed a juggernaut
 61534 | Depths:4 | Noticed a juggernaut
 61936 | Depths:4 | Found a gate to the Realm of Zot.
 62180 | Depths:4 | Found a glowing golden altar of the Shining One.
 62289 | Depths:4 | Reached skill level 21 in Invocations
 62785 | Orc:2    | Bought a potion of haste for 100 gold pieces
 62785 | Orc:2    | Bought a potion of curing for 30 gold pieces
 62785 | Orc:2    | Bought a potion of berserk rage for 50 gold pieces
 62785 | Orc:2    | Bought a potion of haste for 100 gold pieces
 62788 | Orc:2    | Bought a potion of mutation for 112 gold pieces
 62788 | Orc:2    | Bought a potion of magic for 112 gold pieces
 62788 | Orc:2    | Bought a potion of curing for 42 gold pieces
 62935 | Elf:2    | Bought a potion of haste for 140 gold pieces
 62935 | Elf:2    | Bought a potion of cancellation for 112 gold pieces
 62935 | Elf:2    | Bought a potion of curing for 42 gold pieces
 62935 | Elf:2    | Bought a potion of curing for 42 gold pieces
 62935 | Elf:2    | Bought 2 potions of ambrosia for 224 gold pieces
 62941 | Elf:2    | Bought a potion of magic for 176 gold pieces
 62941 | Elf:2    | Bought a scroll of teleportation for 66 gold pieces
 62941 | Elf:2    | Bought a potion of haste for 220 gold pieces
 63184 | D:5      | Bought a wand of mindburst (30) for 630 gold pieces
 63184 | D:5      | Bought a wand of digging (11) for 693 gold pieces
 63184 | D:5      | Bought a wand of quicksilver (18) for 1134 gold pieces
 63415 | Vaults:3 | Bought a potion of cancellation for 128 gold pieces
 63415 | Vaults:3 | Bought a potion of curing for 48 gold pieces
 63415 | Vaults:3 | Bought a potion of curing for 48 gold pieces
 63415 | Vaults:3 | Bought a potion of curing for 48 gold pieces
 63671 | Zot:1    | Entered Level 1 of the Realm of Zot
 63903 | Zot:2    | Reached skill level 15 in Evocations
 64148 | Zot:2    | Reached skill level 22 in Invocations
 64387 | Zot:5    | Entered Level 5 of the Realm of Zot
 65149 | Zot:5    | Noticed a dread lich
 65173 | Zot:5    | Killed a dread lich
 65174 | Zot:5    | Reached skill level 23 in Invocations
 65180 | Zot:5    | Noticed an ancient lich
 65188 | Zot:5    | Noticed an orb of fire
 65189 | Zot:5    | Killed an ancient lich
 65200 | Zot:5    | Killed an orb of fire
 65210 | Zot:5    | Noticed an orb of fire
 65213 | Zot:5    | Noticed a dread lich
 65227 | Zot:5    | Gained mutation: You occasionally shout uncontrollably at
                  | your foes. [an orb of fire]
 65231 | Zot:5    | Gained mutation: You are frail. (-10% HP) [an orb of fire]
 65241 | Zot:5    | Noticed a dread lich
 65241 | Zot:5    | Noticed an ancient lich
 65249 | Zot:5    | Got the Orb of Zot
 65288 | Zot:5    | Noticed Hecoyshy the pandemonium lord
 65790 | D:$      | Escaped with the Orb!

Illustrated notes

Levels and vault maps discovered:
D:1:      lightli_arrival_quake, layout_loops_ring,
          ebering_ecumenical_altar_sacrificial, minivault_23,
          columned_hall_lemuel
D:2:      layout_basic
D:3:      layout_rooms, mainiacjoe_overflow_catwalk, jmf_multi_god_temple2,
          xom_redecorated, serial_shops, nicolae_shop_bloodbath_and_beyond,
          gammafunk_ghost_mausoleum, minmay_fractal_squares_gapless_5,
          uniq_natasha
D:4:      layout_basic, palyth_temple_overflow_mages, lemuel_crystal_altar,
          mainiacjoe_overflow_chevrons, nicolae_concentric_dashed_squares_mild,
          nicolae_titane, uniq_pikel, uniq_eustachio, uniq_robin
D:5:      layout_basic, old_standard_altar, gammafunk_ghost_necromancy,
          nicolae_shop_overcharged_wands, uniq_duvessa
D:6:      layout_rooms, minmay_temple_entry_junction
D:7:      layout_loops_ring, mainiacjoe_overflow_boulevard, serial_rivers,
          chequers_serial_rivers_micro_b, chequers_serial_rivers_room_a,
          chequers_serial_rivers_large_b, chequers_serial_rivers_micro_c
D:8:      minmay_bubble_buster, layout_loops_ring, erik_lair_dragon
D:9:      layout_basic, ebering_ghost_xom, uniq_psyche
D:10:     minmay_the_grid_octo_2x2 [minmay_the_grid_octo_pinwheel,
          minmay_the_grid_octo_vomiting_pacman, minmay_the_grid_octo_concentric,
          minmay_the_grid_octo_prize_ultimate_mussel_roller],
          layout_irregular_city, kennysheep_little_box, grunt_gozag_breadcrumbs,
          serial_shops, nicolae_shop_temple_entry_statues_fountains,
          serial_co_window_serial, co_window_cross_1, co_window_paths_b,
          co_window_corner_a, co_window_paths_a, co_window_of_opportunity_a,
          co_window_paths_b, co_window_paths_b, co_window_unsneaky_path_a,
          co_window_broadway_a, glass_columns_a, glass_columns_b,
          glass_columns_c, minmay_misc_feat_alley, serial_bayou_crossing
D:11:     layout_loops_corners, trog_antimagical
D:12:     layout_rooms, hiddenorc2_lemuel, small_statue_intersection
D:13:     layout_cave_pools, lightli_vaults_fourway_checkpoint, special_room
          [special_room_bee], tso_oasis_becter, uniq_josephine
D:14:     layout_roguey, uniq_louise
D:15:     grunt_enter_depths_hoard, layout_irregular_city, nzn_ghost_randoct,
          minmay_misc_feat_more_columns, feat_on_display
Temple:   nicolae_temple_cloud_nine
Lair:1:   gammafunk_lair_enchanted_lake, layout_regular_city,
          nicolae_lair_lakeside_cave
Lair:2:   layout_small_grid, skrybe_swamp_entry_bodies, serial_forest,
          infiniplex_forest_straight_2, infiniplex_forest_side_room,
          infiniplex_forest_lined_2, infiniplex_forest_clump_tiny,
          infiniplex_forest_lined_ring, infiniplex_forest_clump_double,
          serial_bayou_shore_a, grunt_megastairs_2, uniq_maggie
Lair:3:   layout_cave_pods, spider_nest_entry_webs, uniq_gastronok,
          uniq_nergalle, uniq_amaemon
Lair:4:   layout_misc_corridors, slime_entry_1, roderic_batcave, minivault_24
Lair:5:   hellmonk_lair_end_abyssal_woods, layout_misc_corridors
Swamp:1:  layout_basic_swamp, hangedman_swamp_blocks, uniq_aizul
Swamp:2:  layout_basic_swamp, evilmike_swamp_ruin_house_5, hangedman_swamp_grove
Swamp:3:  layout_basic_swamp, evilmike_swamp_ruin_wall, swamp_pool2,
          beargit_kiku_chapel
Swamp:4:  swamp_alternative, layout_basic_swamp
Spider:1: layout_chambers
Spider:2: layout_spider_delve, portal_ice_cave_entry_dragon
Spider:3: layout_spider_delve, nicolae_spider_acid_house, uniq_arachne
Spider:4: johnstein_spider_rune_arachne_lair, uniq_asterion
Orc:1:    minmay_goldmine, layout_caves
Orc:2:    st_orc_ogre_mass, layout_diamond_mine, bloody_makhleb, uniq_nessos,
          uniq_donald
Elf:1:    nicolae_elf_arrival_no_cutting_in_line, layout_onion_city,
          minmay_elf_demonology
Elf:2:    elven_hall_of_blades_hangedman_alternative
          [nicolae_blade_entry_antechamber], layout_rooms,
          portal_desolation_entry_salt, minmay_shoptagon
Elf:3:    grunt_elf_hall_asides, layout_loops_corners, serial_shops,
          nicolae_lakefront_shop, minmay_shop_star
Vaults:1: ontoclasm_vaults_ring_large, v_misc_27,
          nicolae_vaults_border_crossing, hangedman_vaults_stretched_pinwheel,
          v_misc_9, nicolae_vaults_three_branches, grunt_vaults_hallway_short,
          layout_vaults_omnigrid, serial_shops, nicolae_diamond_shop
Vaults:2: vaults_mumra_minichess, vaults_room_stairs_pillars,
          grunt_vaults_hallway_long, nicolae_vaults_big_angled_halls,
          vaults_dpeg_encased_lava, nicolae_vaults_quartermaster,
          hangedman_vaults_river_flow, vaults_dpeg_ring, v_misc_27,
          layout_vaults_big_room, uniq_zenata, uniq_mennas
Vaults:3: mu_enter_wizlab_3, minmay_crypt_entry_vampire_xt,
          nicolae_vaults_hallways_thing, v_pattern_2,
          nicolae_vaults_angled_halls, grunt_vaults_diagonal,
          hangedman_vaults_nails, v_misc_27, ontoclasm_vaults_claustrophobia,
          vaults_standard_mumra_lines, ontoclasm_vaults_decontamination,
          layout_vaults_ring, serial_shops, nicolae_square_shop,
          nicolae_shop_window_shopping, shop, shop_fountains, uniq_bai_suzhen,
          uniq_mara
Vaults:4: biasface_ghost_orc_armoury, hangedman_vaults_slither,
          hangedman_vaults_impose, v_misc_15, v_misc_8, grunt_vaults_funnel,
          v_alt_pattern_3, v_misc_12, nicolae_vaults_diagonal_hallway_6,
          dpeg_vaults_waves, layout_vaults_omnicross, uniq_frederick
Vaults:5
Crypt:1:  layout_chaotic_city
Crypt:2:  ragdoll_tomb_raider, layout_chaotic_city, basic_altar, uniq_boris
Crypt:3:  due_elkab, layout_chaotic_city, tomb_entry_shell_bobbens, uniq_margery
Depths:1: layout_cave_pools, nicolae_hell_entry_hellmouth_sunbeams,
          okawaru_trees_2, serial_bayou_pond_b, nicolae_qazlal_style_of_elements
Depths:2: lemuel_minitomb, layout_cave_pools, enter_ziggurat_c,
          hangedman_coc_ice_floe, minmay_strange_pillars,
          abyss_entry_flame_altar, rand_demon_pan_entry_5, lemuel_old_faithful
Depths:3: minmay_bloctagon_deflated, layout_honeycomb, hell_entry, abyss_entry,
          yredelemnul_altar_generic, serial_bayou_shore_b,
          minmay_staircase_windowed_large, uniq_enchantress, uniq_josephina,
          uniq_sojobo
Depths:4: grunt_zot_entry_gee_three, layout_gridlike,
          lemuel_coloured_pillars_altar, pf_hell_entry_tar_spiral
Zot:1:    layout_cathedral_of_symmetry, lemuel_baited_zot_trap
Zot:2:    layout_onion
Zot:3:    layout_concentric_octagons
Zot:4:    hangedman_snap_crack_crunch, layout_concentric_octagons,
          nicolae_transmutations_shop, uniq_vv
Zot:5:    layout_cathedral_of_symmetry, st_stairs_7, grunt_ministairs_9

Skill      XL: |  1  2  3  4  5  6  7  8  9 10 11 12 13 14 15 16 17 18 19 20 21 22 23 24 25 26 |
---------------+-------------------------------------------------------------------------------+-----
Polearms       | 1 3 4 5 6 9 10 11 13 14 15 16 17 18 19 20 | 20.0
Evocations     | 2 3 4 5 6 7 8 9 10 11 12 13 14 15 | 15.0
Armour         | 1 2 3 4 5 6 7 8 9 10 11 12 13 14 | 14.0
Dodging        | 3 4 5 7 8 10 11 12 13 14 15 17 18 20 21 | 21.2
Fighting       | 2 4 9 12 13 14 15 16 17 18 19 20 | 20.5
Throwing       | 2 3 5 6 |  6.0
Shields        | 4 5 6 8 9 10 11 12 13 15 17 18 20 | 20.0
Stealth        | 3 5 |  5.0
Invocations    | 2 5 7 8 10 13 15 19 23 | 23.0
Spellcasting   | 3 5 |  5.0
Translocations | 2 4 6 7 |  7.0

Action                     |  1- 3 |  4- 6 |  7- 9 | 10-12 | 13-15 | 16-18 | 19-21 | 22-24 | 25-27 || total
---------------------------+-------+-------+-------+-------+-------+-------+-------+-------+-------++-------
  Melee: Spear             |   149 |   132 |   286 |   454 |   739 |   580 |   575 |       |       ||  2915
         Punch             |     1 |       |     6 |       |       |       |       |       |       ||     7
         Trident           |       |       |   153 |   123 |       |       |       |       |       ||   276
         Tailslap          |       |       |       |     3 |       |       |       |       |       ||     3
         Demon trident     |       |       |       |       |   329 |   900 |   735 |  1533 |  1359 ||  4856
  Throw: Dart              |       |     2 |    14 |    13 |    32 |     5 |       |     5 |     5 ||    76
         Boomerang         |       |     2 |    14 |   159 |   200 |    98 |       |    54 |       ||   527
         Javelin           |       |       |     1 |       |       |    14 |     4 |     9 |       ||    28
   Cast: Apportation       |       |       |       |       |       |       |       |       |     5 ||     5
         Blink             |       |       |       |       |       |       |       |       |     1 ||     1
 Invoke: Sacrifice Skill   |     1 |       |       |       |       |       |       |       |       ||     1
         Sacrifice Arcana  |       |     1 |       |       |       |       |       |       |       ||     1
         Draw Out Power    |       |       |     1 |     2 |       |       |     2 |       |     1 ||     6
         Sacrifice Love    |       |       |     1 |       |       |       |       |       |       ||     1
         Sacrifice Experie |       |       |     1 |       |       |       |       |       |       ||     1
         Apocalypse        |       |       |       |     7 |    14 |    15 |    10 |     9 |     8 ||    63
         Sacrifice Purity  |       |       |       |     1 |       |       |       |       |       ||     1
         Power Leap        |       |       |       |       |     1 |     1 |       |       |       ||     2
  Evoke: Wand              |     1 |    23 |    12 |    12 |     4 |    65 |       |     6 |     1 ||   124
         Tin of tremorston |       |       |       |       |     9 |    11 |     7 |     7 |    15 ||    49
         Phial of floods   |       |       |       |       |     1 |     6 |     3 |     4 |     3 ||    17
         Condenser vane    |       |       |       |       |       |       |     8 |     9 |    11 ||    28
         Lightning rod     |       |       |       |       |       |       |       |     4 |       ||     4
    Use: Scroll            |     5 |     7 |     9 |    15 |    13 |     6 |     8 |     7 |    21 ||    91
         Potion            |       |     4 |     3 |     2 |     3 |     6 |     9 |     7 |    10 ||    44
   Stab: Sleeping          |     6 |       |     4 |     1 |       |     3 |       |    13 |     4 ||    31
         Distracted        |       |     1 |     2 |    10 |    19 |    36 |    38 |    44 |    58 ||   208
         Invisible         |       |       |     1 |     7 |    16 |    11 |     5 |     2 |     8 ||    50
         Paralysed         |       |       |       |     5 |    23 |    21 |     9 |    12 |    18 ||    88
         Petrified         |       |       |       |       |     3 |       |       |       |       ||     3
 Armour: Leather armour    |    42 |    19 |     6 |       |       |       |       |       |       ||    67
         Skin              |       |     4 |    53 |       |       |       |       |       |       ||    57
         Ring mail         |       |       |    64 |     8 |       |       |       |       |       ||    72
         Chain mail        |       |       |       |    82 |   100 |    28 |   118 |    25 |       ||   353
         Plate armour      |       |       |       |       |    63 |    18 |       |       |       ||    81
         Swamp dragon scal |       |       |       |       |    21 |   185 |       |       |       ||   206
         Troll leather arm |       |       |       |       |       |       |       |    71 |   119 ||   190
  Dodge: Dodged            |    61 |    43 |   137 |    79 |   163 |   475 |   292 |   318 |   384 ||  1952
  Block: Buckler           |       |       |       |    15 |       |       |       |       |       ||    15
         Kite shield       |       |       |       |    21 |   301 |   559 |   506 |   564 |   539 ||  2490
         Reflection        |       |       |       |       |       |       |    69 |    29 |    12 ||   110

Table legend: (Time is in decaauts)
 A = Elapsed time spent in this place.
 B = Non-inter-level travel time spent in this place.
 C = Inter-level travel time spent in this place.
 D = Time resting spent in this place.
 E = Time spent auto-exploring this place.
 F = Levels seen in this place.
 G = Mean time per level.
                   A        B        C        D        E       F      G
               +--------+--------+--------+--------+--------+-----+--------+
         Total |  62865 |  55671 |   7194 |   2528 |  36724 |  54 | 1164.2 |
       Dungeon |  17422 |  14290 |   3132 |    280 |  10828 |  15 | 1161.5 |
        Temple |     48 |     48 |      0 |      0 |     40 |   1 |   48.0 |
          Lair |   5723 |   5100 |    623 |     88 |   3844 |   5 | 1144.6 |
         Swamp |   2439 |   2211 |    228 |     11 |   1350 |   4 |  609.8 |
   Spider Nest |   7389 |   6721 |    668 |    368 |   4567 |   4 | 1847.2 |
  Orcish Mines |   2463 |   1868 |    595 |      0 |   1419 |   2 | 1231.5 |
   Elven Halls |   5293 |   4686 |    607 |    358 |   3297 |   3 | 1764.3 |
        Vaults |   7659 |   6976 |    683 |    206 |   4113 |   5 | 1531.8 |
         Crypt |   4182 |   3997 |    185 |     93 |   2583 |   3 | 1394.0 |
        Depths |   5008 |   4571 |    437 |    203 |   2856 |   4 | 1252.0 |
           Zot |   1475 |   1444 |     31 |    252 |    362 |   5 |  295.0 |
      Ice Cave |    764 |    764 |      0 |     16 |    435 |   1 |  764.0 |
        Wizlab |    846 |    846 |      0 |    174 |    292 |   1 |  846.0 |
    Desolation |   2149 |   2149 |      0 |    473 |    736 |   1 | 2149.0 |
               +--------+--------+--------+--------+--------+-----+--------+

Top non-repeatable levels by time:
Spider:4: 3077 daAuts
Spider:1: 2335 daAuts
   Elf:3: 2252 daAuts
Desolation: 2149 daAuts
     D:8: 2082 daAuts
    D:10: 1962 daAuts
   Elf:1: 1888 daAuts
 Crypt:3: 1871 daAuts
Vaults:5: 1827 daAuts
Vaults:1: 1567 daAuts
     D:9: 1559 daAuts
 Crypt:2: 1495 daAuts
Depths:4: 1462 daAuts
Vaults:3: 1432 daAuts
Vaults:2: 1430 daAuts
